 Dungeon Crawl Stone Soup version 0.28.0 (webtiles) character file.

Game seed: 61369157118360225

44 AmazingTV the Grave Robber (level 3, -5/17 HPs)
             Began as a Spriggan Necromancer on Mar 26, 2024.
             Slain by Crazy Yiuf (8 damage)
             ... on level 2 of the Dungeon.
             The game lasted 00:07:21 (2494 turns).

AmazingTV the Grave Robber (Spriggan Necromancer)   Turns: 2494, Time: 00:07:21

Health: -5/17      AC:  3    Str:  6    XL:     3   Next: 39%
Magic:  6/8        EV: 17    Int: 16    God:
Gold:   67         SH:  0    Dex: 15    Spells: 6/8 levels left

rFire   . . .      SeeInvis +   a - +2 short sword (speed) {short}
rCold   . . .      Faith    .   (no shield)
rNeg    . . .      Spirit   .   g - +0 robe
rPois   .          Reflect  .   (helmet restricted)
rElec   .          Harm     .   e - +0 cloak
rCorr   .          Rampage  .   (gloves unavailable)
Will    .....                   (boots unavailable)
Stlth   ++........              (no amulet)
HPRegen 0.05/turn               (no ring)
MPRegen 0.11/turn               (no ring)

@: very quick
A: very small, no large weapons, unfitting armour, see invisible, speed 3
a: no special abilities


You were on level 2 of the Dungeon.
You visited 1 branch of the dungeon, and saw 2 of its levels.

You collected 67 gold pieces.


Innate Abilities, Weirdness & Mutations

You are very small and have problems with some larger weapons.
You are too small for most types of armour.
You have supernaturally acute eyesight. (SInv)
You cover ground extremely quickly. (Speed+++)


   Skills:
 + Level 0.7 Fighting
 + Level 1.1 Short Blades
 + Level 3.3 Dodging
 + Level 3.4 Stealth
 + Level 3.1 Spellcasting
 + Level 3.8 Necromancy


You had 6 spell levels left.
You knew the following spells:

 Your Spells              Type           Power      Damage    Failure   Level
a - Pain                  Necr           56%        1d6       3%          1
b - Animate Skeleton      Necr           28%        N/A       3%          1

Your spell library contained the following spells:

 Spells                   Type           Power      Damage    Failure   Level
 Vampiric Draining        Necr           14%        2d7       12%         3
 Animate Dead             Necr           7%         N/A       36%         4
 Agony                    Necr           14%        N/A       71%         5

Inventory:

Hand Weapons
 a - a +2 short sword of speed (weapon) {short}
   (You took it off a kobold on level 1 of the Dungeon)
 b - a +0 club {mace}
   (You took it off a goblin on level 1 of the Dungeon)
 c - a +0 whip {mace}
   (You took it off a kobold on level 1 of the Dungeon)
 h - a +0 club {mace}
   (You took it off a kobold on level 1 of the Dungeon)
 j - a +0 dagger {short}
   (You took it off a kobold on level 1 of the Dungeon)
Missiles
 f - 8 bolts
 i - 28 stones
Armour
 e - a +0 cloak (worn)
   (You found it on level 1 of the Dungeon)
 g - a +0 robe (worn)
Magical Staves
 d - a staff of earth {!astaff}
   (You found it on level 1 of the Dungeon)
Scrolls
 k - 2 scrolls of teleportation {unknown}
Potions
 l - a potion of heal wounds {unknown}

Dungeon Overview and Level Annotations

Branches:
Dungeon (2/15)

Altars:

Annotations:
D:2 Crazy Yiuf

#....#
#....####.#
#....# #....#
#.# #....#
♣....♣ #.#
#....# ♣...♣♣
#.# #....#
♣♣.♣♣ #.#
#....# ####
♣.♣♣ #.##
#....####..#
♣♣.♣ #..#
......†.#.##
♣.♣♣ ##.####
...####.#.#
♣♣@♣ #.....#
...# #÷#.# #g#
##.#.##
...####.#.##
... #..#.##
...#.......#
#...# #.....#
...#......##
#..)# #....##
...#......#
##### #.##.#
...#......#
#.##.#
...#......#
############.#
...####.###
#............#


You could see Crazy Yiuf.


Message History

The dart slug launches a dart at you. The slug dart misses you. 😮 MP[-1]
You lost 1 mp, and now have 5/8 mp.
Aiming: Pain (safe; 3% risk of failure)
Press: ? - help, Q - select action, (/) - cycle Shift-Dir - straight line, f/p - dart slug
Aim: a dart slug (moderately wounded, chance to affect: 84%)
The dart slug writhes in agony. 😮 HP[-1] MP[-1]
You take 1 damage, and now have 11/17 hp.
You lost 1 mp, and now have 4/8 mp. 😮 MP[+1]
Aiming: Pain (safe; 3% risk of failure)
Press: ? - help, Q - select action, (/) - cycle Shift-Dir - straight line, f/p - dart slug
Aim: a dart slug (heavily wounded, chance to affect: 84%)
The dart slug barely resists. 😮 HP[-1] MP[-1]
You take 1 damage, and now have 10/17 hp.
You lost 1 mp, and now have 4/8 mp.
You hit the dart slug. You punch the dart slug.
You kill the dart slug!
Your magical contamination has completely faded away.
You completely miss the dart slug. 😮 HP[+1]
You hit the dart slug. The dart slug closely misses you.
You hit the dart slug. You hit the dart slug.
You kill the dart slug!
You start resting. 😮 HP[+1] MP[+4]
Your mp is fully restored (8).
You start resting. 😎 HP[+5]
Your hp is fully restored (17).
You see here a dart slug corpse.
Crazy Yiuf shouts!
You see here a dart slug corpse.
You see here a rat skeleton.
A hobgoblin comes into view.
Aiming: Pain (safe; 3% risk of failure)
Press: ? - help, Q - select action, (/) - cycle Shift-Dir - straight line, f - hobgoblin
Aim: a hobgoblin (wandering, hasn't noticed you, chance to affect: 84%)
The hobgoblin shouts!
The hobgoblin writhes in agony. 😕 HP[-1] MP[-1]
You take 1 damage, and now have 16/17 hp.
You lost 1 mp, and now have 7/8 mp.
Aiming: Pain (safe; 3% risk of failure)
Press: ? - help, Q - select action, (/) - cycle Shift-Dir - straight line, f/p - hobgoblin
Aim: a hobgoblin (lightly wounded, chance to affect: 84%)
You miscast Pain.
You are very lightly contaminated with residual magic.
Nothing appears to happen.
The hobgoblin misses you. 😕 MP[-1]
You lost 1 mp, and now have 6/8 mp.
You hit the hobgoblin. You hit the hobgoblin.
You kill the hobgoblin!
Aiming: Pain (safe; 3% risk of failure)
Press: ? - help, Q - select action, (/) - cycle Shift-Dir - straight line, f - you That beam is likely to hit you.
Continue anyway?
Okay, then.
l - a silvery potion You see here a hobgoblin corpse.
You start resting.
Your magical contamination has completely faded away. 😕 MP[+1]
You start resting. 😎 HP[+1]
Your hp is fully restored (17).
You see here a rat skeleton. 😎 MP[+1]
Your mp is fully restored (8).
Crazy Yiuf shouts!
You open the door.
Crazy Yiuf says, "Adder!
Line ladder snail."
Aiming: Pain (safe; 3% risk of failure)
Press: ? - help, Q - select action, (/) - cycle Shift-Dir - straight line, f - Crazy Yiuf
Aim: Crazy Yiuf, wielding a +3 quarterstaff of chaos and wearing a +0 cloak (chance to affect: 78%) Crazy Yiuf barely resists.
Crazy Yiuf hits you with a +3 quarterstaff of chaos!
You resist with some effort. 😮 HP[-8] MP[-1]
You take 8 damage, and now have 9/17 hp.
MASSIVE DAMAGE!! (PAUSE)
You lost 1 mp, and now have 7/8 mp.
You hit Crazy Yiuf but do no damage. Crazy Yiuf closely misses you.
You puncture Crazy Yiuf!
Crazy Yiuf hits you with a +3 quarterstaff of chaos.
* * * LOW HITPOINT WARNING * * *
😱 HP[-6]
You take 6 damage, and now have 3/17 hp.
MASSIVE DAMAGE!! (PAUSE)
Aiming: Pain (safe; 3% risk of failure)
Press: ? - help, Q - select action, (/) - cycle Shift-Dir - straight line, f/p - Crazy Yiuf
Aim: Crazy Yiuf, wielding a +3 quarterstaff of chaos and wearing a +0 cloak (moderately wounded, chance to affect: 78%) Crazy Yiuf barely resists.
Crazy Yiuf hits you with a +3 quarterstaff of chaos!
You die...

Skill      XL: |  1  2  3 |
---------------+----------+-----
Dodging        | 3 |  3.3
Spellcasting   | 3 |  3.1
Short Blades   | 1 |  1.1
Fighting       | |  0.7
Stealth        | |  3.4
Necromancy     | |  3.8

Action                   || total
-------------------------++-------
Melee: Unarmed           ||     1
       Short sword       ||    11
       Dagger            ||     3
       Punch             ||     1
 Cast: Pain              ||    65
 Stab: Sleeping          ||     1
Armor: Robe              ||     1
Dodge: Dodged            ||    13

Levels and vault maps discovered:
D:1:      dpeg_arrival_long_road, layout_basic, serial_corexii_hall,
          chequers_hall_statues_y, corexii_hall_statues_s,
          corexii_hall_statues_deadend, corexii_hall_statues_x,
          corexii_hall_statues_i, corexii_hall_statues_deadend,
          minmay_pentomino_q4
D:2:      layout_basic, uniq_crazy_yiuf_cottage

Notes
Turn   | Place    | Note
-------+----------+-------------------------------------------
     0 | D:1      | AmazingTV the Spriggan Necromancer began the quest for the
                  | Orb.
     0 | D:1      | Reached XP level 1. HP: 9/9 MP: 5/5
     0 | D:1      | magus.rc [v1.9.6]
    31 | D:1      | Learned a level 1 spell: Animate Skeleton
   352 | D:1      | Reached XP level 2. HP: 11/13 MP: 4/6
   420 | D:1      | Reached skill level 3 in Dodging
   778 | D:1      | Reached skill level 3 in Spellcasting
  1514 | D:1      | Reached XP level 3. HP: 12/17 MP: 4/8
  1633 | D:1      | Reached skill level 1 in Short Blades
  2341 | D:2      | Found a runed translucent door.
  2342 | D:2      | Noticed Crazy Yiuf
  2493 | D:2      | HP: 3/17 [Crazy Yiuf (6)]
  2494 | D:2      | Slain by Crazy Yiuf

Vanquished Creatures
  3 dart slugs
  6 ball pythons (D:1)
  3 endoplasms (D:1)
  3 giant cockroaches (D:1)
  A goblin (D:1)
  2 hobgoblins
  6 kobolds (D:1)
  A quokka (D:1)
  3 bats (D:1)
  3 frilled lizards (D:1)
  6 rats
37 creatures vanquished.

Table legend:
 A = Non-vault XP
 B = Vault XP
 C = Vault XP percentage of total XP
 D = Non-vault monster count
 E = Vault monster count
 F = Vault count percentage of total count
                 A         B        C        D         E       F
            +---------+---------+-------+---------+---------+-------
      Total |      58 |       5 |   7.9 |      33 |       4 |  10.8
            +---------+---------+-------+---------+---------+-------
        D:1 |      47 |       5 |   9.6 |      29 |       4 |  12.1
        D:2 |      11 |       0 |   0.0 |       4 |       0 |   0.0
            +---------+---------+-------+---------+---------+-------

Illustrated notes

Table legend:
 A = Kills in this place as a percentage of kills in entire the game.
 B = Kills by you in this place as a percentage of kills by you in the entire game.
 C = Kills by friends in this place as a percentage of kills by friends in the entire game.
 D = Other kills in this place as a percentage of other kills in the entire game.
 E = Experience gained in this place as a percentage of experience gained in the entire game.
 F = Experience gained in this place divided by the number of levels of this place that you have seen.
                   A       B       C       D       E      F
               +-------+-------+-------+-------+-------+----------------------
         Total | 100.0 | 100.0 |   N/A |   N/A | 100.0 |  31.5
       Dungeon | 100.0 | 100.0 |   N/A |   N/A | 100.0 |  31.5
               +-------+-------+-------+-------+-------+----------------------

Table legend: (Time is in decaauts)
 A = Elapsed time spent in this place.
 B = Non-inter-level travel time spent in this place.
 C = Inter-level travel time spent in this place.
 D = Time resting spent in this place.
 E = Time spent auto-exploring this place.
 F = Levels seen in this place.
 G = Mean time per level.
                   A        B        C        D        E       F      G
               +--------+--------+--------+--------+--------+-----+--------+
         Total |   2091 |   2039 |     52 |    587 |   1223 |   2 | 1045.5 |
       Dungeon |   2091 |   2039 |     52 |    587 |   1223 |   2 | 1045.5 |
               +--------+--------+--------+--------+--------+-----+--------+

Top non-repeatable levels by time:
     D:1: 1771 daAuts
     D:2: 319 daAuts
